 Dungeon Crawl Stone Soup version 0.28-a0-1429-gf3d713df7a (webtiles) character file.

Game seed: 15705056525455949804

23 zap2161 the Skirmisher (level 3, -3/23 HPs)
             Began as a Gargoyle Monk on Jan 8, 2022.
             Was an Initiate of Gozag.
             Slain by Terence (8 damage)
             ... on level 2 of the Dungeon.
             The game lasted 00:05:10 (1299 turns).

zap2161 the Skirmisher (Gargoyle Monk)              Turns: 1299, Time: 00:05:10

Health: -3/23      AC:  5    Str: 16    XL:     3   Next: 0%
Magic:  3/3        EV: 12    Int: 10    God:    Gozag
Gold:   54         SH:  0    Dex: 12    Spells: 2/2 levels left

rFire   . . .      SeeInvis .   g - +0 quarterstaff
rCold   . . .      Faith    .   (shield currently unavailable)
rNeg    + . .      Spirit   .   b - +0 robe
rPois   ∞          Reflect  .   (no helmet)
rElec   +          Harm     .   (no cloak)
rCorr   .          Rampage  .   (no gloves)
Will    .....                   (no boots)
Stlth   ++........              e - amulet of the acrobat
HPRegen 0.07/turn               (no ring)
MPRegen 0.08/turn               (no ring)

@: no status effects
A: sickness immunity, AC +3, negative energy resistance 1, electricity
resistance, torment resistance 1, petrification resistance
a: Renounce Religion, Potion Petition, Call Merchant, Bribe Branch


You were on level 2 of the Dungeon.
You worshipped Gozag.
Gozag was noncommittal.
You visited 1 branch of the dungeon, and saw 2 of its levels.

You collected 54 gold pieces.

Inventory:

Hand Weapons
 a - a +0 mace
 g - a +0 quarterstaff (weapon)
Missiles
 h - 20 stones (quivered)
 i - 11 bolts
Armour
 b - a +0 robe (worn)
Jewellery
 e - an amulet of the acrobat (around neck)
Scrolls
 c - 2 scrolls of brand weapon {unknown}
 f - a scroll of acquirement {unknown}
Potions
 d - a potion of attraction {unknown}


   Skills:
 + Level 3.5 Fighting
 + Level 3.3 Maces & Flails
 + Level 0.2(2.0) Staves
 + Level 0.5 Armour
 + Level 2.5 Dodging
 + Level 2.4 Stealth
 + Level 0.5 Shields


You had 2 spell levels left.
You didn't know any spells.
Your spell library was empty.

Dungeon Overview and Level Annotations

Branches:
Dungeon (2/15)

Altars:
Gozag

Annotations:
D:2 Terence


Innate Abilities, Weirdness & Mutations

You are immune to sickness and miasma.
Your stone body is resilient. (AC +3)
You are immune to poison.
You resist negative energy. (rN+)
You are resistant to electric shocks. (rElec)
You are resistant to unholy torment.
You are immune to petrification.


Message History

Terence hits you with a +1 flail of venom.
You hit Terence.
Terence is severely wounded.
Terence asks, "Do you want it fast or slow?"
Terence barely misses you.
You hit Terence.
Terence is severely wounded.
Terence barely misses you. x2
You hit Terence.
Terence is severely wounded.
Terence misses you.
You hit Terence but do no damage.
Terence is severely wounded.
Terence closely misses you.
You barely miss Terence.
Terence is severely wounded.
Terence closely misses you.
You hit Terence but do no damage.
Terence is severely wounded.
Terence closely misses you.
You closely miss Terence.
Terence is severely wounded.
Terence hits you with a +1 flail of venom.
* * * LOW HITPOINT WARNING * * *
Terence barely misses you.
You hit Terence but do no damage.
Terence is severely wounded.
Terence barely misses you.
You barely miss Terence.
Terence is severely wounded.
Terence hits you with a +1 flail of venom.
* * * LOW HITPOINT WARNING * * *
You hit Terence.
Terence is almost dead.
Terence closely misses you.
You hit Terence but do no damage.
Terence is almost dead.
Terence hits you with a +1 flail of venom!
You die...
Your body crumbles into a pile of gold.

#.....[+ #.#
#......#####.#
#.....>......####
#.#.#...........##
#.#.#.###........#
#.#.#.# #.#####..#
#.#.#.# #.#..<#..#
#.#.#.# #.#.###..#
#@#.#.. #.#.###..#
.......@#.###
#.#......#
#########.#
..######.#
........#
#########


You could see Terence.

Vanquished Creatures
  A dart slug (D:1)
  3 bats
  2 endoplasms (D:1)
  3 goblins (D:1)
  A hobgoblin (D:1)
  2 jackals (D:1)
  2 kobolds (D:1)
  2 ball pythons (D:1)
  2 rats (D:1)
18 creatures vanquished.

Notes
Turn   | Place    | Note
-------+----------+-------------------------------------------
     0 | D:1      | zap2161 the Gargoyle Monk began the quest for the Orb.
     0 | D:1      | Reached XP level 1. HP: 14/14 MP: 1/1
    60 | D:1      | Reached XP level 2. HP: 19/19 MP: 2/2
  1064 | D:1      | Found a faded altar of an unknown god.
  1074 | D:1      | Prayed at the altar of an unknown god.
  1074 | D:1      | Became a worshipper of Gozag Ym Sagoz the Greedy
  1264 | D:2      | Reached XP level 3. HP: 23/23 MP: 3/3
  1275 | D:2      | Noticed Terence
  1299 | D:2      | Slain by Terence

Illustrated notes

Levels and vault maps discovered:
D:1:      minmay_arrival_nine_rooms, layout_loops_ring,
          dreamdust_ecumenical_altar_hidden_monk_grotto, minmay_heptomino_h4
D:2:      layout_basic, basic_altar, uniq_sigmund, uniq_terence

Action                   || total
-------------------------++-------
Melee: Mace              ||    33
       Quarterstaff      ||    34
 Stab: Sleeping          ||     6
Armor: Robe              ||    23
Dodge: Dodged            ||    46

Table legend: (Time is in decaauts)
 A = Elapsed time spent in this place.
 B = Non-inter-level travel time spent in this place.
 C = Inter-level travel time spent in this place.
 D = Time resting spent in this place.
 E = Time spent auto-exploring this place.
 F = Levels seen in this place.
 G = Mean time per level.
                   A        B        C        D        E       F      G
               +--------+--------+--------+--------+--------+-----+--------+
         Total |   1313 |   1313 |      0 |      0 |   1075 |   2 |  656.5 |
       Dungeon |   1313 |   1313 |      0 |      0 |   1075 |   2 |  656.5 |
               +--------+--------+--------+--------+--------+-----+--------+

Top non-repeatable levels by time:
     D:1: 1249 daAuts
     D:2: 63 daAuts
